 Dungeon Crawl Stone Soup version 0.17-a0-1650-gce8475a (webtiles) character file.

1036 karlkraus the Covered (level 8, -1/68 HPs)
             Began as a Minotaur Fighter on Aug 13, 2015.
             Splashed by a jelly's acid (11 damage)
             ... on level 5 of the Dungeon.
             The game lasted 00:07:25 (3209 turns).

karlkraus the Covered (Minotaur Fighter)            Turns: 3209, Time: 00:07:26

Health: -1/68      AC:  7    Str: 22    XL:     8   Next: 3%
Magic:  7/7        EV: 10    Int:  5    God:
Gold:   179        SH: 10    Dex: 11    Spells: 0 memorised, 7 levels left

rFire  . . .     SeeInvis .     r - +8 club
rCold  . . .     Clarity  .     b - +0 scale mail
rNeg   . . .     SustAt   .     c - +0 shield
rPois  .         Gourm    .     (helmet restricted)
rElec  .         Spirit   .     (no cloak)
rCorr  .         Warding  .     (no gloves)
rMut   .         Stasis   .     (no boots)
MR     .....                    (no amulet)
Stlth  ..........               (no ring)
                                (no ring)

@: not resistant to hostile enchantments, extremely unstealthy
A: retaliatory headbutt, horns 2
a: no special abilities


You were on level 5 of the Dungeon.
You were hungry.

You visited 1 branch of the dungeon, and saw 5 of its levels.

You collected 179 gold pieces.

Inventory:

Hand weapons
 r - a +8 club (weapon)
Armour
 b - a +0 scale mail (worn)
 c - a +0 shield (worn)
Jewellery
 k - an uncursed ring of flight {unknown}
 n - an uncursed amulet of regeneration {unknown}
 w - an uncursed ring of poison resistance {unknown}
Magical devices
 y - a wand of frost (33)
Scrolls
 g - 5 scrolls of identify {unknown}
 h - 6 scrolls of remove curse {unknown}
 i - 3 scrolls of fear {unknown}
 o - 2 scrolls of recharging
 p - 3 scrolls of teleportation {unknown}
 t - a scroll of amnesia {unknown}
 u - a scroll of enchant weapon {unknown}
Potions
 f - a potion of heal wounds {unknown}
 m - a potion of lignification {unknown}
 s - a potion of might
 v - a potion of haste {unknown}
 A - a potion of berserk rage {unknown}
Comestibles
 a - 3 fruits
 d - a beef jerky
 e - 2 bread rations
 j - 2 royal jellies
 q - 2 meat rations
 x - a slice of pizza
 z - 8 chunks of flesh


   Skills:
 + Level 5.3 Fighting
 + Level 5.0 Maces & Flails
 + Level 6.6 Armour
 + Level 4.6 Dodging
 + Level 0.3 Stealth
 + Level 6.4 Shields


You had 7 spell levels left.
You didn't know any spells.

Dungeon Overview and Level Annotations

Branches:
Dungeon (5/15)
 Temple: D:4-7

Altars:
Nemelex Xobeh


Innate Abilities, Weirdness & Mutations

You reflexively headbutt those who attack you in melee.
You have a pair of horns on your head.


Message History

* * * LOW HITPOINT WARNING * * *
The jelly misses you. The centaur hits you.
* * * LOW HITPOINT WARNING * * *
You sock the centaur!
You kill the centaur!
Your Maces & Flails skill increases to level 5!
You have reached level 8!
You feel stronger. The jelly hits you but does no damage.
Drink which item? (? for menu, Esc to quit)
You feel better. The jelly barely misses you. You furiously retaliate!
You headbutt the jelly. The jelly hits you but does no damage.
You hit the jelly.
Your hands burn!
* * * LOW HITPOINT WARNING * * *
The jelly is severely wounded.
You block the jelly's attack. The jelly hits you.
* * * LOW HITPOINT WARNING * * *
You are splashed with acid!
The acid burns!
You die...

#....)# ......# # #.....#
J.....#.. #.....# .....'.
#.....# .....#
####'#######+###....#
#.##..........####..c
##..).........(.......
#<###....†...)J########
###.########.#..@(.......
.......# #.#.##########
##..##.# #.#.# #..##.#
#.#.# #..##.# #.#.#
#..##.# #.... #..##.#
###.# #..##.# #. #..##..


You could see a jelly.

Vanquished Creatures
  Sigmund (D:2)
  2 centaurs
  2 ogres (D:4)
  An orc priest (D:3)
  A hound (D:4)
  2 centaur skeletons (D:4)
  2 orc wizards (D:3)
  3 worker ants
  Robin (D:3)
  6 gnolls
  13 adders
  An ooze (D:3)
  6 worms
  5 giant geckos
  2 orcs (D:3)
  A ball python (D:2)
  A giant cockroach (D:3)
  13 hobgoblins
  4 jackals (D:2)
  6 kobolds
  2 quokkas
  8 bats
  7 giant newts
  21 goblins
  A quokka skeleton (D:4)
  8 rats
120 creatures vanquished.

Notes
Turn   | Place    | Note
--------------------------------------------------------------
     0 | D:1      | karlkraus the Minotaur Fighter began the quest for the Orb.
     0 | D:1      | Reached XP level 1. HP: 19/19 MP: 0/0
    58 | D:1      | Found a sparkling altar of Nemelex Xobeh.
    81 | D:1      | Reached XP level 2. HP: 2/27 MP: 1/1
   390 | D:1      | Reached skill level 4 in Fighting
   760 | D:1      | Reached XP level 3. HP: 28/33 MP: 2/2
  1082 | D:2      | Reached skill level 1 in Dodging
  1104 | D:2      | Reached XP level 4. HP: 31/41 MP: 3/3
  1164 | D:2      | Noticed Sigmund
  1174 | D:2      | Killed Sigmund
  1174 | D:2      | Reached skill level 5 in Armour
  1174 | D:2      | Reached XP level 5. HP: 29/47 MP: 4/4
  1310 | D:2      | Reached XP level 6. HP: 27/53 MP: 5/5
  1685 | D:3      | Reached skill level 5 in Shields
  1963 | D:3      | Noticed Robin
  1988 | D:3      | Killed Robin
  2058 | D:3      | Reached XP level 7. HP: 37/60 MP: 6/6
  2481 | D:4      | Reached skill level 6 in Armour
  2799 | D:4      | Reached skill level 5 in Fighting
  3115 | D:5      | Entered Level 5 of the Dungeon
  3206 | D:5      | Reached skill level 5 in Maces & Flails
  3206 | D:5      | Reached XP level 8. HP: 4/68 MP: 7/7
  3209 | D:5      | Splashed by a jelly's acid

Vault maps used:
D:1:      dpeg_arrival_ratfight, nemelex_deck
D:2:      kennysheep_generic_room_4, uniq_sigmund
D:3:      first_bread, small_statue_intersection, st_stairs_12,
          serial_bayou_pond_d, uniq_robin
D:4:      kennysheep_six_static_rooms
D:5:      lemuel_round_altar, uniq_pikel

Action                   |  1- 3 |  4- 6 |  7- 9 || total
-------------------------+-------+-------+-------++-------
Melee: Flail             |    96 |   127 |       ||   223
       Club              |       |     4 |    81 ||    85
  Use: Potion            |       |     1 |     4 ||     5
       Scroll            |       |     1 |       ||     1
  Eat: Chunk             |     1 |     2 |     4 ||     7
